 Dungeon Crawl Stone Soup version 0.22-a0-348-gd16d139 (webtiles) character file.

3430 Goblin1989 the Arsonist (level 9, -5/52 HPs)
             Began as a Deep Elf Fire Elementalist on Apr 6, 2018.
             Was an Initiate of Vehumet.
             Shot with an arrow by a centaur (7 damage)
             ... on level 8 of the Dungeon on Apr 9, 2018.
             The game lasted 00:29:56 (7598 turns).

Goblin1989 the Arsonist (DEFE)                      Turns: 7598, Time: 00:29:57

Health: -5/52      AC:  6    Str:  5    XL:     9   Next: 77%
Magic:  3/23       EV: 13    Int: 27    God:    Vehumet [......]
Gold:   571        SH:  0    Dex: 15    Spells: 3/24 levels left

rFire    . . .     SeeInvis .   G - staff of conjuration (curse) {!a}
rCold    . . .     Gourm    .   (no shield)
rNeg     . . .     Faith    .   s - +0 robe {MR+}
rPois    .         Spirit   .   Y - +2 helmet {Int+3}
rElec    .         Reflect  .   (no cloak)
rCorr    .         Harm     .   (no gloves)
MR       +....                  o - +0 pair of boots
Stlth    ++........             (no amulet)
HPRegen  0.17/turn              l - ring of flight
MPRegen  0.18/turn              t - ring of wizardry

@: no status effects
A: no striking features
a: Renounce Religion, Evoke Flight


You were on level 8 of the Dungeon.
You worshipped Vehumet.
Vehumet was noncommittal.
You were very hungry.

You visited 2 branches of the dungeon, and saw 9 of its levels.
You also visited: Ossuary.

You collected 571 gold pieces.

Inventory:

Hand Weapons
 Q - a +0 hunting sling
 W - a +2 dagger of speed
Missiles
 V - 31 sling bullets
 Z - a throwing net (quivered) {!d , @Q1}
Armour
 h - a +0 shield
 i - a +1 robe of resistance
 o - a +0 pair of boots (worn)
 s - a +0 robe of magic resistance (worn)
 Y - a +2 helmet of intelligence (worn)
Magical Staves
 G - a cursed staff of conjuration (weapon) {!a}
Jewellery
 l - a ring of flight (left hand)
 t - a ring of wizardry (right hand)
Wands
 A - a wand of acid (5)
 K - a wand of polymorph (10)
 P - a wand of paralysis (12)
Scrolls
 u - 2 scrolls of remove curse {@r2}
 I - a scroll of fog
 M - 2 scrolls of magic mapping
 R - 5 scrolls of identify {@r1}
 T - a scroll of teleportation {!r, @r3}
Potions
 n - 2 potions of mutation {unknown}
 p - a potion of magic {unknown}
 w - 2 potions of haste {unknown}
 H - 3 potions of curing {unknown}
 J - a potion of lignification {unknown}
 L - 2 potions of brilliance
 N - 4 potions of flight {unknown}
 O - a potion of cancellation {unknown}
 S - a potion of degeneration {unknown}
 U - 4 potions of agility {unknown}
 X - 2 potions of resistance {unknown}
Comestibles
 e - 11 rations


   Skills:
 + Level 3.8 Fighting
 - Level 2.4 Dodging
 - Level 2.4 Stealth
 + Level 8.1 Spellcasting
 * Level 9.1 Conjurations
 * Level 9.7 Fire Magic


You had 3 spell levels left.
You knew the following spells:

 Your Spells              Type           Power        Failure   Level  Hunger
a - Flame Tongue          Conj/Fire      #####        1%          1    None
b - Sticky Flame          Conj/Fire      #######.     1%          4    ##.....
c - Inner Flame           Hex/Fire       #####...     1%          3    None
d - Fireball              Conj/Fire      #######...   1%          5    ####...
e - Lightning Bolt        Conj/Air       ######....   9%          5    ####...
j - Conjure Flame         Conj/Fire      #######.     1%          3    None


Dungeon Overview and Level Annotations

Branches:
Dungeon (8/15)             Temple (1/1) D:7
   Lair: D:8-11

Altars:
Ashenzari
Cheibriados
Dithmenos
Elyvilon
Fedhas
Gozag
Hepliaklqana
Makhleb
Nemelex Xobeh
Okawaru
Qazlal
Ru
Sif Muna
Trog
Uskayaw
Vehumet
Wu Jian
Xom
Yredelemnul
Zin
The Shining One

Annotations:
D:3 barakagiga3's ghost, amateur MiBe


Message History

Casting: Fireball (safe; 1% risk of failure)
Confirm with . or Enter, or press ? or * to list all spells.
Aiming: Fireball (safe; 1% risk of failure)
Press: ? - help, Shift-Dir - straight line
Okay, then.
The centaur moves out of view.
Casting: Fireball (safe; 1% risk of failure)
Confirm with . or Enter, or press ? or * to list all spells.
Aiming: Fireball (safe; 1% risk of failure)
Press: ? - help, Shift-Dir - straight line, f - Grum
Aim: Grum, wielding a halberd and wearing an animal skin You feel a surge of power!
The fireball explodes!
The fireball engulfs Grum.
Grum is severely wounded.
You hear a shout!
The centaur wields a runed shortbow.
It is covered in frost.
The centaur shoots an arrow.
The arrow completely misses you.
You now have 12/22 mp.
A wolf comes into view.
The centaur shoots an arrow.
The arrow hits you. The arrow freezes you.
A wolf comes into view.
You see here an arrow.
You take 8 damage, and have 43/51 hp.
Casting: Fireball (safe; 1% risk of failure)
Confirm with . or Enter, or press ? or * to list all spells.
Aiming: Lightning Bolt (slightly dangerous; 10% risk of failure)
Press: ? - help, Shift-Dir - straight line, f - wolf, p - Grum
Aim: a wolf You feel a surge of power!
You hear a mighty clap of thunder!
The bolt of lightning misses Grum.
The bolt of lightning hits the wolf.
The wolf is lightly wounded.
The bolt of lightning misses the wolf.
You are feeling very hungry.
You hear a shout!
You hear a bark!
Grum closely misses you.
The centaur shoots an arrow.
The arrow barely misses you.
You now have 8/22 mp.
Unknown command.
Saving game... please wait.
Level annotation: Grum Vehumet says: Become an executioner!
Welcome back, Goblin1989 the Deep Elf Fire Elementalist.
Vehumet says: Let it end in hellfire!
Press ? for a list of commands and other information.
Cast which spell? (? or * to list)
Aiming: Lightning Bolt (slightly dangerous; 10% risk of failure)
Press: ? - help, Shift-Dir - straight line You feel a surge of power!
You hear a mighty clap of thunder!
The bolt of lightning hits Grum.
You kill Grum!
Vehumet accepts your kill.
Your Spellcasting skill increases to level 8!
Your Conjurations skill increases to level 9!
The bolt of lightning hits the wolf.
You kill the wolf!
Vehumet accepts your kill.
The bolt of lightning hits the wolf.
The wolf is almost dead.
You hear a bark!
The centaur shoots an arrow.
The arrow closely misses you.
You now have 3/23 mp.
Unknown command.
Unknown command.
Casting: Lightning Bolt (slightly dangerous; 9% risk of failure)
Confirm with . or Enter, or press ? or * to list all spells.
Aiming: Flame Tongue (safe; 1% risk of failure)
Press: ? - help, Shift-Dir - straight line, f - wolf
Aim: a wolf (almost dead)
You feel a surge of power!
The flame tongue hits the wolf.
You kill the wolf!
Vehumet accepts your kill.
The centaur shoots an arrow.
The arrow closely misses you.
A gnoll comes into view. It is wielding an enchanted whip.
You now have 2/23 mp.
The centaur shoots an arrow.
The arrow hits you! The arrow freezes you.
You see here an arrow.
You take 17 damage, and have 27/52 hp.
MASSIVE DAMAGE!!
The centaur shoots an arrow.
The arrow hits you!
* * * LOW HITPOINT WARNING * * *
The arrow freezes you.
* * * LOW HITPOINT WARNING * * *
You see here an arrow.
You take 13 damage, and have 14/52 hp.
MASSIVE DAMAGE!!
The centaur shoots an arrow.
The arrow misses you.
The centaur shoots an arrow.
The arrow hits you!
* * * LOW HITPOINT WARNING * * *
The arrow freezes you.
* * * LOW HITPOINT WARNING * * *
You see here an arrow.
You take 10 damage, and have 4/52 hp.
The centaur shoots an arrow.
The arrow hits you.
* * * LOW HITPOINT WARNING * * *
The arrow freezes you.
* * * LOW HITPOINT WARNING * * *
A hound and a gnoll come into view.
You see here an arrow.
You take 2 damage, and have 2/52 hp.
The gnoll moves out of view.
The centaur shoots an arrow.
The arrow hits you!
You die...

█....█ ██ ██....██████ .█
█..........█ .█
█.....(....███ .██
█......(.....█
..██████████............█
.(....██..........(.(...█
█.█...██.███....g(...(..█████
█.....██.█ █....@.....(.)†..█
████...█.█
██..██.....c....█... █......█
█......█████.███ █..█...█
█.███.██ ... █..█........█


█h█ █.██ █............ ... .█ ................. .. .............. .. █.
..........██... . You could see a centaur, a hound (wandering) and a gnoll
(wandering).

Vanquished Creatures
  Joseph (D:7)
  Grinder (D:5)
  Prince Ribbit (D:6)
  Grum (D:8)
  A water moccasin (D:8)
  A sky beast (D:7)
  4 ogres
  2 phantoms (D:8)
  2 wolves (D:8)
  2 centaurs (D:7)
  8 bullfrogs
  Blork the orc (D:5)
  2 scorpions
  A wyvern skeleton (D:6)
  3 howler monkeys (D:7)
  A crimson imp (D:5)
  3 hounds
  2 jellies
  An iguana (D:7)
  Jessica (D:2)
  2 orc wizards (D:5)
  6 worker ants
  8 mummies (Ossuary)
  A worker ant zombie (D:5)
  8 adders
  A shadow imp (D:8)
  An adder skeleton (D:5)
  A worm (D:3)
  3 dart slugs
  3 leopard geckos
  11 orcs
  A ball python (D:3)
  4 giant cockroaches
  13 goblins
  9 hobgoblins
  6 jackals
  4 quokkas
  3 bats
  6 frilled lizards
  A gnoll zombie (Ossuary)
  A hobgoblin zombie (Ossuary)
  6 kobolds
  A kobold zombie (Ossuary)
  A leopard gecko zombie (D:5)
  5 orc zombies (Ossuary)
  6 rats
151 creatures vanquished.

Notes
Turn   | Place    | Note
-------+----------+-------------------------------------------
     0 | D:1      | Goblin1989 the Deep Elf Fire Elementalist began the quest for the Orb.
     0 | D:1      | Reached XP level 1. HP: 10/10 MP: 6/6
   127 | D:1      | Reached XP level 2. HP: 15/15 MP: 5/8
   700 | D:1      | You fall through a shaft!
   707 | D:2      | Reached XP level 3. HP: 15/19 MP: 2/9
   871 | D:2      | Learned a level 3 spell: Conjure Flame
  1192 | D:2      | Noticed Jessica
  1193 | D:2      | Killed Jessica
  1193 | D:2      | Reached XP level 4. HP: 24/24 MP: 9/11
  1245 | D:2      | Identified Jessica's Almanac of Protection
  1247 | D:2      | Upgraded the game from 0.22-a0-346-ga714374 to 0.22-a0-348-gd16d139
  1327 | D:2      | Found a blossoming altar of Fedhas.
  1347 | D:2      | Learned a level 4 spell: Sticky Flame
  1728 | D:3      | Noticed barakagiga3's ghost (amateur MiBe)
  2334 | D:4      | Noticed an ogre
  2676 | D:4      | Reached XP level 5. HP: 20/28 MP: 5/13
  2767 | D:4      | Learned a level 3 spell: Inner Flame
  2889 | D:4      | Reached skill level 5 in Fire Magic
  3288 | D:4      | Reached XP level 6. HP: 30/32 MP: 9/14
  3514 | D:5      | Entered Level 5 of the Dungeon
  3593 | D:5      | Reached skill level 5 in Spellcasting
  3593 | D:5      | Reached skill level 5 in Conjurations
  3641 | D:5      | Noticed Grinder
  3767 | D:5      | Found a hide-covered altar of Uskayaw.
  3785 | D:5      | Reached XP level 7. HP: 36/36 MP: 12/16
  4085 | D:5      | Killed Grinder
  4085 | D:5      | Reached skill level 1 in Fighting
  4203 | D:5      | Noticed Blork the orc
  4209 | D:5      | Killed Blork the orc
  4693 | D:6      | Reached XP level 8. HP: 28/43 MP: 8/19
  4885 | D:6      | Noticed Prince Ribbit
  4891 | D:6      | Killed Prince Ribbit
  5556 | D:7      | Noticed a cyclops
  5865 | D:7      | Found a sand-covered staircase.
  5876 | Ossuary  | Entered an ossuary
  6219 | D:7      | Found a staircase to the Ecumenical Temple.
  6228 | Temple   | Entered the Ecumenical Temple
  6611 | D:7      | Reached XP level 9. HP: 49/49 MP: 13/21
  6816 | D:7      | Found a radiant altar of Vehumet.
  6818 | D:7      | Found an ornate altar of the Wu Jian Council.
  6822 | D:7      | Became a worshipper of Vehumet
  7242 | D:7      | Learned a level 5 spell: Fireball
  7257 | D:7      | Noticed Joseph
  7263 | D:7      | Killed Joseph
  7522 | D:8      | Learned a level 5 spell: Lightning Bolt
  7583 | D:8      | Noticed Grum
  7591 | D:8      | Killed Grum
  7597 | D:8      | HP: 2/52 [centaur/arrow (1)]
  7598 | D:8      | Shot with an arrow by a centaur

Vault maps used:
D:1:      dpeg_arrival_water_temple_mockup
D:2:      lemuel_round_altar, kennysheep_jessica_study
D:3:      kennysheep_decorative_pillar, kennysheep_generic_room_12
D:4:      cheibrodos_greedy_goblins, minmay_misc_feat_pillars,
          minmay_misc_feat_enclosed
D:5:      eat_drink_and_be_merry_uskayaw, first_ration, uniq_grinder,
          uniq_blork_the_orc
D:6:      uniq_prince_ribbit1
D:7:      gammafunk_temple_overflow_statue, minmay_temple_entry_junction_2,
          enter_ossuary_1, the_bakery, uniq_joseph
D:8:      lemuel_mausoleum_altar_kikubaaqudgha, uniq_grum
Temple:   minmay_crystal_spiral_temple
Ossuary:  ossuary_tomb_3

Skill      XL: |  1  2  3  4  5  6  7  8  9 |
---------------+----------------------------+-----
Conjurations   | 2 3 4 5 6 7 9 |  9.1
Fire Magic     | 4 5 6 7 8 9 |  9.7
Spellcasting   | 4 5 6 7 8 |  8.1
Fighting       | 1 2 3 |  3.8
Dodging        | |  2.4
Stealth        | |  2.4

Action                   |  1- 3 |  4- 6 |  7- 9 || total
-------------------------+-------+-------+-------++-------
Melee: Dagger            |       |       |    79 ||    79
 Cast: Flame Tongue      |    51 |    83 |   153 ||   287
       Sticky Flame      |       |     5 |    15 ||    20
       Inner Flame       |       |     1 |     3 ||     4
       Conjure Flame     |       |     1 |     2 ||     3
       Fireball          |       |       |     5 ||     5
       Lightning Bolt    |       |       |     2 ||     2
Evoke: Wand              |       |       |     3 ||     3
  Use: Scroll            |       |       |    10 ||    10
       Potion            |       |       |     1 ||     1
  Eat: Chunk             |     1 |     5 |     9 ||    15
       Ration            |       |     1 |     1 ||     2
Armor: Robe              |     2 |     5 |    29 ||    36
Dodge: Dodged            |    11 |    24 |    79 ||   114

Table legend:
 A = Spawn XP
 B = Non-spawn XP
 C = Spawn XP percentage of total XP
 D = Spawn monster count
 E = Non-spawn monster count
 F = Spawn count percentage of total count
 G = Total turns spent on level
                    A         B        C        D         E        F      G
               +---------+---------+-------+---------+---------+-------+---------
         Total |       0 |    4901 |   0.0 |       0 |     151 |   0.0 |  7598
               +---------+---------+-------+---------+---------+-------+---------
           D:1 |       0 |      35 |   0.0 |       0 |      19 |   0.0 |   700
           D:2 |       0 |      93 |   0.0 |       0 |      20 |   0.0 |  1355
           D:3 |       0 |      51 |   0.0 |       0 |      15 |   0.0 |   575
           D:4 |       0 |     355 |   0.0 |       0 |      23 |   0.0 |   941
           D:5 |       0 |     746 |   0.0 |       0 |      15 |   0.0 |  1100
           D:6 |       0 |     963 |   0.0 |       0 |      15 |   0.0 |  1164
           D:7 |       0 |    1556 |   0.0 |       0 |      17 |   0.0 |   816
           D:8 |       0 |     857 |   0.0 |       0 |      10 |   0.0 |   292
        Temple |       0 |      90 |   0.0 |       0 |       1 |   0.0 |   372
       Ossuary |       0 |     155 |   0.0 |       0 |      16 |   0.0 |   283
               +---------+---------+-------+---------+---------+-------+---------

Vault maps used:
D:1:      dpeg_arrival_water_temple_mockup
D:2:      lemuel_round_altar, kennysheep_jessica_study
D:3:      kennysheep_decorative_pillar, kennysheep_generic_room_12
D:4:      cheibrodos_greedy_goblins, minmay_misc_feat_pillars,
          minmay_misc_feat_enclosed
D:5:      eat_drink_and_be_merry_uskayaw, first_ration, uniq_grinder,
          uniq_blork_the_orc
D:6:      uniq_prince_ribbit1
D:7:      gammafunk_temple_overflow_statue, minmay_temple_entry_junction_2,
          enter_ossuary_1, the_bakery, uniq_joseph
D:8:      lemuel_mausoleum_altar_kikubaaqudgha, uniq_grum
Temple:   minmay_crystal_spiral_temple
Ossuary:  ossuary_tomb_3
